 Dungeon Crawl Stone Soup version 0.31.0-11-ge490571c62 (webtiles) character file.

Game seed: 3562258479759340298

114 ProzacElf the Cudgeller (level 4, -7/35 HPs)
             Began as a Demonspawn Monk on Jan 26, 2024.
             Killed by nerve-wracking pain
             ... invoked by an orc priest
              (14 damage)
             ... on level 3 of the Dungeon.
             The game lasted 00:04:13 (2522 turns).

ProzacElf the Cudgeller (Demonspawn Monk)           Turns: 2522, Time: 00:04:14

Health: -7/35      AC:  6    Str: 13    XL:     4   Next: 66%
Magic:  4/4        EV: 12    Int: 10    God:
Gold:   82         SH:  0    Dex: 16    Spells: 3/3 levels left

rFire   . . .        a - +0 mace
rCold   + . .        d - orb {light}
rNeg    . . .        i - +0 ring mail
rPois   +            c - +0 helmet
rElec   .            (no cloak)
rCorr   .            (no gloves)
SInv    .            (no boots)
Will    .....        (no amulet)
Stlth   +            h - ring of protection from cold
HPRegen 0.25/turn    k - ring of poison resistance
MPRegen 0.09/turn

%: no passive effects
@: glowing
A: demonic guardian 1
a: no special abilities


You were on level 3 of the Dungeon.
You visited 1 branch of the dungeon, and saw 3 of its levels.

You collected 82 gold pieces.

Inventory:

Hand Weapons
 a - a +0 mace (weapon)
 w - a +0 orcbow
 y - a +0 war axe
Missiles
 m - 3 poisoned darts (quivered)
 o - 5 boomerangs
Armour
 b - a +0 robe
 c - a +0 helmet (worn)
 d - an orb of light (worn)
 e - a +0 leather armour
 i - a +0 ring mail (worn)
 t - a +0 chain mail
Jewellery
 h - a ring of protection from cold (left hand)
 k - a ring of poison resistance (right hand)
Scrolls
 f - 4 scrolls of identify {unknown}
 g - a scroll of amnesia {unknown}
 j - a scroll of teleportation {unknown}
 l - a scroll of blinking {unknown}
 r - a scroll of fear {unknown}
 s - a scroll of poison {unknown}
Potions
 n - a potion of mutation {unknown}
 p - a potion of heal wounds {unknown}
 q - a potion of berserk rage {unknown}
 u - a potion of invisibility {unknown}
 v - a potion of lignification {unknown}
 x - a potion of resistance {unknown}


   Skills:
 - Level 3.0 Fighting
 + Level 4.0 Maces & Flails
 + Level 4.0 Dodging


You had 3 spell levels left.
You didn't know any spells.
Your spell library was empty.

Dungeon Overview and Level Annotations

Branches:
Dungeon (3/15)

Altars:

Annotations:
D:2 1 runed translucent door, Crazy Yiuf


Innate Abilities, Weirdness & Mutations

A weak demonic guardian rushes to your aid.


Message History

Ye climb downwards.
Ye hear tha sound o' rushin' water.
Thar be an entrance ta a sewer on 'tis level.
Hurry an' find it 'fore tha portal rusts away!
Ye hear tha slow rustin' o' a distant drain.
Thar be a stone staircase leadin' up 'ere.
Found 10 gold pieces.
An orc comes inta view.
It be wieldin' a +0 falchion.
Tha orc shouts!
An orc priest comes inta view.
It be wieldin' a +0 mace.
Tha orc priest shouts!
Ye see 'ere 10 gold pieces.
Tha orc hits ye but does nay damage.
Ye hit tha orc.
Tha orc be moderately wounded.
Tha orc hits ye wit' a +0 falchion.
Ye take 6 damage, an' haf 29/35 hp.
Ye barely miss tha orc.
Tha orc be moderately wounded.
Tha orc barely misses ye.
Ye hit tha orc.
Tha orc be severely wounded.
Tha orc priest casts a cantrip, but nuthin' happens.
Tha orc barely misses ye.
Ye hit tha orc.
Ye kill tha orc!
Tha orc priest calls down tha wrath o' Beogh upon ye.
Beogh smites ye!
A demonic guardian appears!
Ye hear a shout!
Ye take 12 damage, an' haf 17/35 hp.
MASSIVE DAMAGE!!
An orc comes inta view.
It be wieldin' a +0 trident.
Tha orc priest calls down tha wrath o' Beogh upon ye.
Beogh smites ye!
* * * LOW HITPOINT WARNIN'
* * * Thin's tha be 'ere: a +0 falchion; a +0 leathar armour Ye take 10 damage, an' haf 7/35 hp.
MASSIVE DAMAGE!!
Ye barely miss tha orc priest.
Tha orc priest calls down tha wrath o' Beogh upon ye.
Pain shoots through yer body!
Ye die...

####.#
#....#
#.##.#
#.##<#
#.##.#
#$##.#
#.##.#
#5##.#
#@##.#
#o##.#
#.##.#
#.#
..o
###


You could see an orc priest (ally target), an orc and a friendly white imp
(summoned).

Vanquished Creatures
  2 adders (D:2)
  10 orcs (D:3)
  3 bats
  3 endoplasms
  2 giant cockroaches
  6 goblins
  8 hobgoblins
  2 jackals (D:3)
  3 kobolds
  3 quokkas
  3 ball pythons (D:2)
  2 frilled lizards (D:2)
  19 rats (D:2)
66 creatures vanquished.

Vanquished Creatures (collateral kills)
  Robin (D:1)
  An orc (D:3)
  2 goblins (D:2)
4 creatures vanquished.

Grand Total: 70 creatures vanquished

Notes
Turn   | Place    | Note
-------+----------+-------------------------------------------
     0 | D:1      | ProzacElf the Demonspawn Monk began the quest for the Orb.
     0 | D:1      | Reached XP level 1. HP: 18/18 MP: 1/1
   646 | D:1      | Gained mutation: A weak demonic guardian rushes to your
                  | aid. [demonic ancestry]
   646 | D:1      | Reached XP level 2. HP: 23/24 MP: 2/2
   845 | D:2      | Noticed Robin
   979 | D:1      | Killed Robin
   980 | D:1      | Reached XP level 3. HP: 21/29 MP: 3/3
  1285 | D:2      | Reached XP level 4. HP: 35/35 MP: 4/4
  1581 | D:2      | Found a runed translucent door.
  1582 | D:2      | Noticed Crazy Yiuf
  1826 | D:2      | Found a faded altar of an unknown god.
  2522 | D:3      | Killed from afar by an orc priest

Illustrated notes

Levels and vault maps discovered:
D:1:      matt_arrival_spirals, layout_loops_ring
D:2:      layout_basic, basic_ecumenical_altar, serial_aquarium,
          aquarium_bridge_island_small [aquarium_subvault_small_water,
          aquarium_subvault_bridge, aquarium_subvault_bridge,
          aquarium_subvault_bridge, aquarium_subvault_window],
          aquarium_bridge_square [aquarium_subvault_wall,
          aquarium_subvault_bridge, aquarium_subvault_balcony,
          aquarium_subvault_bridge], aquarium_window_fake, aquarium_window_2,
          aquarium_window_1, aquarium_view_2b, minmay_rat_hole, uniq_robin,
          uniq_crazy_yiuf_cottage
D:3:      due_chaos_kobolds, layout_loops_ring, gup_sewer_entry_bubbles,
          uniq_natasha

Skill      XL: |  1  2  3  4 |
---------------+-------------+-----
Maces & Flails | 3 4 |  4.0
Dodging        | 3 4 |  4.0
Fighting       | |  3.0

Action                     |  1- 3 |  4- 6 || total
---------------------------+-------+-------++-------
  Melee: Mace              |   106 |    66 ||   172
  Throw: Dart              |       |     1 ||     1
    Use: Potion            |     1 |       ||     1
 Armour: Ring mail         |   104 |    38 ||   142
  Dodge: Dodged            |    94 |    46 ||   140

Action                     |  1- 3 |  4- 6 || total
---------------------------+-------+-------++-------
  Melee: Mace              |   106 |    66 ||   172
  Throw: Dart              |       |     1 ||     1
    Use: Potion            |     1 |       ||     1
 Armour: Ring mail         |   104 |    38 ||   142
  Dodge: Dodged            |    94 |    46 ||   140

Levels and vault maps discovered:
D:1:      matt_arrival_spirals, layout_loops_ring
D:2:      layout_basic, basic_ecumenical_altar, serial_aquarium,
          aquarium_bridge_island_small [aquarium_subvault_small_water,
          aquarium_subvault_bridge, aquarium_subvault_bridge,
          aquarium_subvault_bridge, aquarium_subvault_window],
          aquarium_bridge_square [aquarium_subvault_wall,
          aquarium_subvault_bridge, aquarium_subvault_balcony,
          aquarium_subvault_bridge], aquarium_window_fake, aquarium_window_2,
          aquarium_window_1, aquarium_view_2b, minmay_rat_hole, uniq_robin,
          uniq_crazy_yiuf_cottage
D:3:      due_chaos_kobolds, layout_loops_ring, gup_sewer_entry_bubbles,
          uniq_natasha
